 Dungeon Crawl Stone Soup version 0.31-a0-846-gb3bcc0d938 (webtiles) character file.

Game seed: 9255109784763999910

69736 Maratek the Fencer (level 14, 0/116 HPs)
             Began as a Demonspawn Fighter on Oct 2, 2023.
             Was an Initiate of Yredelemnul.
             Killed from afar by a fire dragon (33 damage)
             ... with a blast of flame
             ... on level 5 of the Lair of Beasts on Oct 3, 2023.
             The game lasted 00:52:56 (18387 turns).

Maratek the Fencer (Demonspawn Fighter)            Turns: 18387, Time: 00:52:56

Health: 0/116      AC: 26    Str: 20    XL:     14   Next: 91%
Magic:  20/24      EV:  8    Int: 12    God:    Yredelemnul [......]
Gold:   1647       SH:  5    Dex: 14    Spells: 13/13 levels left

rFire   . . .        x - +7 scimitar
rCold   . . .        (no shield)
rNeg    . . .        f - +4 plate armour
rPois   +            q - +2 helmet {SInv}
rElec   .            L - +2 cloak "Anovurai" {*Corrode rPois Regen+}
rCorr   .            Q - +0 pair of gloves of Shrieking Music {rPois MP+9}
SInv    +            m - +0 pair of boots
Will    +....        v - amulet of reflection Stlth
                     (no ring)
HPRegen 1.19/turn    (no ring)
MPRegen 0.19/turn

%: corrode self (3%), reflection
@: corroded, invisible, very slow
A: thin skeletal structure 1, demonic guardian 2, powered by death 3, demonic
touch 2
a: Renounce Religion, Recall Undead Harvest


You were on level 5 of the Lair of Beasts.
You worshipped Yredelemnul.
Yredelemnul was noncommittal.
You visited 2 branches of the dungeon, and saw 18 of its levels.
You also visited: Sewer and Gauntlet.

You collected 1647 gold pieces.

Inventory:

Hand Weapons
 x - a +7 scimitar (weapon)
Missiles
 A - 5 silver javelins (quivered)
 D - a throwing net
Armour
 f - a +4 plate armour (worn)
 m - a +0 pair of boots (worn)
 q - a +2 helmet of see invisible (worn)
 L - the +2 cloak "Anovurai" (worn) {*Corrode rPois Regen+}
   (You found it on level 1 of the Lair of Beasts)

   rPois:     It protects you from poison Regen+: It increases your rate of
   health regeneration.
   *Corrode:  It may corrode you when you take damage.
 Q - the +0 pair of gloves of Shrieking Music (worn) {rPois MP+9}
   (You found it in a Gauntlet)

   rPois:     It protects you from poison MP+9: It affects your magic capacity
   (+9).
Jewellery
 c - a ring of ice
 k - a ring of wizardry
 o - a ring of wizardry
 v - an amulet of reflection (around neck)
 F - an amulet of the acrobat
 J - an amulet of magic regeneration
Wands
 d - a wand of digging (3)
 j - a wand of iceblast (7)
 C - a wand of flame (24)
 G - a wand of light (15)
 H - a wand of polymorph (3)
 O - a wand of charming (6)
Scrolls
 a - 4 scrolls of amnesia
 l - a scroll of blinking
 r - 7 scrolls of teleportation
 u - 2 scrolls of fog
 y - a scroll of revelation
 M - a scroll of identify
Potions
 b - 2 potions of invisibility
 e - a potion of berserk rage {unknown}
 g - 5 potions of brilliance
 h - 6 potions of curing
 i - a potion of heal wounds
 n - 5 potions of degeneration
 p - 2 potions of cancellation
 s - 2 potions of mutation
 t - a potion of haste
 z - a potion of enlightenment {unknown}
 B - 2 potions of might
 E - 2 potions of attraction {unknown}
 I - a potion of resistance {unknown}
 K - 2 potions of lignification {unknown}


   Skills:
 + Level 12.9 Fighting
 + Level 15.0 Long Blades
 + Level 13.4 Armour
 + Level 2.5 Dodging
 + Level 5.4 Stealth
 + Level 8.0 Shields
 + Level 2.2 Invocations
 + Level 0.6 Evocations


You had 13 spell levels left.
You didn't know any spells.
Your spell library contained the following spells:

 Spells                   Type           Power      Damage    Failure   Level
 Necrotise                Necr           0%         1d4       99%         1
 Sandblast                Erth           0%         2d4       99%         1
 Sting                    Tmut/Pois      0%         1d3       99%         1
 Blink                    Tloc           0%         N/A       100%        2
 Ensorcelled Hibernation  Hex/Ice        0%         N/A       100%        2
 Lesser Beckoning         Tloc           0%         N/A       100%        2
 Momentum Strike          Conj/Tloc      0%         3d8       100%        2
 Passwall                 Tmut/Erth      0%         N/A       100%        2
 Sublimation of Blood     Necr           0%         N/A       100%        2
 Wereblood                Tmut           0%         N/A       100%        2
 Dazzling Flash           Conj/Hex       0%         N/A       100%        3
 Frozen Ramparts          Ice            0%         1d1       100%        3
 Gell's Gravitas          Tloc           0%         N/A       100%        3
 Ozocubu's Armour         Ice            0%         N/A       100%        3
 Stone Arrow              Conj/Erth      0%         3d7       100%        3
 Swiftness                Air            0%         N/A       100%        3
 Teleport Other           Tloc           0%         N/A       100%        3
 Tukima's Dance           Hex            0%         N/A       100%        3
 Vampiric Draining        Necr           0%         2d6       100%        3
 Volatile Blastmotes      Fire/Tloc      0%         2d10      100%        3
 Animate Armour           Summ/Erth      0%         N/A       100%        4
 Brom's Barrelling Bould  Conj/Erth      0%         2d3       100%        4
 Cause Fear               Hex            0%         N/A       100%        4
 Dimensional Bullseye     Hex/Tloc       0%         N/A       100%        4
 Iskenderun's Mystic Bla  Conj/Tloc      0%         2d3       100%        4
 Petrify                  Tmut/Erth      0%         N/A       100%        4
 Vhi's Electric Charge    Tloc/Air       0%         N/A       100%        4
 Agony                    Necr           0%         N/A       100%        5
 Arcjolt                  Conj/Air       0%         1d10      100%        5
 Fireball                 Conj/Fire      0%         3d3       100%        5
 Irradiate                Conj/Tmut      0%         3d11      100%        5
 Metabolic Englaciation   Hex/Ice        0%         N/A       100%        5
 Dispersal                Tloc           0%         N/A       100%        6
 Starburst                Conj/Fire      0%         6d3       100%        6
 Malign Gateway           Summ/Tloc      0%         N/A       100%        7
 Summon Hydra             Summ           0%         N/A       100%        7
 Lehudib's Crystal Spear  Conj/Erth      0%         10d2      100%        8
 Maxwell's Capacitive Co  Air            0%         ∞         100%        8
 Chain Lightning          Conj/Air       0%         N/A       100%        9
 Dragon's Call            Summ           0%         N/A       100%        9
 Fire Storm               Conj/Fire      0%         5d1       100%        9
 Shatter                  Erth           0%         3d5*      100%        9
 Simulacrum               Ice/Necr       Unusable   N/A       N/A         6

Dungeon Overview and Level Annotations

Branches:
Dungeon (13/15)            Temple (0/1) D:5            Lair (5/5) D:11
  Swamp (0/4) Lair:2        Snake (0/4) Lair:2        Slime (0/5) Lair:5
    Orc (0/2) D:9          Vaults (0/5) D:13          Sewer (visited)
Gauntlet (visited)

Altars:
Kikubaaqudgha
Yredelemnul

Shops:
D:8 !

Annotations:
D:5 1 runed translucent door, Xavier147's ghost, novice OgEE
Lair:5 exclusion: oklob plant


Innate Abilities, Weirdness & Mutations

You have a somewhat thin skeletal structure. (Dex +2, Stealth+)
A demonic guardian rushes to your aid.
You regenerate a lot of health from kills.
Your touch may inflict irresistible damage on your foes.


Message History

The komodo dragon bites you!
Your unstable footing causes you to fumble your attack.
Your unstable footing causes you to fumble your attack.
The komodo dragon barely misses you.
You barely miss the komodo dragon. The komodo dragon bites you!!
You hit the komodo dragon.
You touch the komodo dragon!
The komodo dragon is moderately wounded.
The komodo dragon closely misses you.
Your unstable footing causes you to fumble your attack.
Your unstable footing causes you to fumble your attack.
The fire dragon breathes flames at you. The blast of flame hits you!!
You block the komodo dragon's attack.
You slash the komodo dragon! Your touch misses the komodo dragon.
The komodo dragon is heavily wounded.
You are engulfed in a cloud of scalding steam.
Your lindwurm zombie bites the komodo dragon.
Your lindwurm zombie claws the komodo dragon but does no damage. x2
The fire dragon bites you!
Your corrosive artefact corrodes you!
The fire dragon claws you! The fire dragon completely misses you.
The komodo dragon bites you but does no damage.
Yredelemnul sends a servant to aid you.
Yredelemnul accepts your bounty of souls!
You can no longer trade souls for undead servants.
You are engulfed in a cloud of scalding steam.
The fire dragon bites you but does no damage.
The fire dragon completely misses you.
The fire dragon tramples you but does no damage.
The komodo dragon bites you but does no damage.
You fade into invisibility!
You are engulfed in a cloud of scalding steam.
The fire dragon bites you but does no damage.
The fire dragon claws you but does no damage.
The fire dragon tramples you but does no damage.
The komodo dragon bites you!!
* * * LOW HITPOINT WARNING * * *
Your wight misses the komodo dragon. The fire dragon breathes flames at you.
The blast of flame hits you!!
You die...
Your body rises from the dead as a mindless zombie.

# # ♣♣♣♣♣♣ #
♣♣♣.~..♣♣ ♣.≈.≈..[♣♣
♣♣.~≈≈≈@..♣♣
♣♣♣..~~♣♣§Z..♣
♣♣...~.♣♣Dl≈~.♣
♣♣..~~.♣♣♣z~~≈~..♣
♣...~~♣♣ )$.~≈~~$♣
♣♣..~≈♣♣ ()..~~.♣♣♣
♣♣.♣.≈~♣ ..[.~≈≈~. #
♣....~.♣♣♣?!.~≈≈~.♣
#
♣ZZ.....♣♣$.$.~≈≈~.♣


You could see a fire dragon (catching breath), a komodo dragon (ally target), a
friendly wight (summoned) and a friendly jelly zombie.

Vanquished Creatures
  A minotaur (Gauntlet)
  4 vault guards
  A catoblepas (Lair:5)
  2 boulder beetles
  3 two-headed ogres
  8 death yaks
  A death scarab (Gauntlet)
  Urug (Lair:3)
  4 skysharks
  A swamp dragon (Lair:5)
  2 lindwurms
  A deep elf pyromancer (D:13)
  5 ugly things
  A faun (Lair:4)
  2 elephants (Lair:1)
  3 black mambas
  A manticore (D:12)
  2 gargoyles
  An unseen horror (D:13)
  3 kobold demonologists (D:11)
  14 cane toads
  11 komodo dragons
  6 rime drakes
  2 trolls
  2 hornets (Gauntlet)
  12 blink frogs
  4 dream sheep
  Sigmund (D:6)
  2 wraiths
  2 shadows
  3 wyverns
  A basilisk (Lair:3)
  47 yaks
  5 vampire mosquitoes
  4 steam dragons
  3 nagas (Lair:2)
  A hell hound (Gauntlet)
  9 water moccasins
  4 orc warriors
  A swamp drake (Lair:5)
  An ice beast (D:5)
  3 black bears
  A spectral rime drake (Gauntlet)
  2 ogres
  14 wolves
  4 centaurs
  5 kobold brigands
  22 bullfrogs
  2 gnoll sergeants
  2 scorpions
  7 wights
  A howler monkey (D:6)
  5 orc priests
  5 hounds
  Crazy Yiuf (D:6)
  2 gnoll boudas
  4 jellies (Lair:5)
  A sleepcap (D:4)
  5 iguanas
  6 orc wizards
  16 gnolls
  4 river rats
  13 adders
  A shadow imp (D:7)
  3 white imps
  2 worms
  3 dart slugs
  28 orcs
  11 ball pythons
  4 endoplasms
  3 giant cockroaches
  2 hobgoblins
  3 jackals (D:4)
  3 quokkas (D:2)
  9 bats
  2 frilled lizards
  8 goblins
  14 kobolds
  22 rats
425 creatures vanquished.

Vanquished Creatures (collateral kills)
  A vault guard (D:12)
  A hell beast (Gauntlet)
  3 hydras
  4 death yaks
  A lindwurm (Lair:3)
  A salamander (Lair:2)
  A cyclops (D:12)
  3 elephants (Lair:1)
  A torpor snail (Lair:5)
  3 black mambas (Lair:5)
  3 cane toads
  7 komodo dragons
  2 rime drakes (Lair:5)
  6 blink frogs
  3 dream sheep (Lair:5)
  2 basilisks
  A wraith (D:12)
  10 yaks
  A steam dragon (Lair:5)
  A vampire mosquito (D:11)
  2 acid dragons
  10 water moccasins
  A hell hound (Gauntlet)
  An orc warrior (D:9)
  10 wolves
  A centaur (D:9)
  2 bullfrogs
  2 kobold brigands (D:11)
  3 killer bees (D:6)
  A jelly (Lair:5)
  An iguana (Lair:5)
  An orc wizard (D:10)
  A gnoll (D:11)
  2 river rats (Sewer)
  4 adders
  5 orcs
  5 ball pythons (Sewer)
  2 endoplasms (Sewer)
  4 kobolds
  2 frilled lizards (Sewer)
  11 rats (Sewer)
126 creatures vanquished.

Vanquished Creatures (others)
  An unseen horror zombie (D:13)
  A human zombie (D:13)
  A black mamba zombie (Lair:5)
  2 skyshark zombies (Lair:5)
  8 cane toad zombies
  A water moccasin (Lair:3)
  An elf zombie (D:13)
  A hornet zombie (Gauntlet)
  A lindwurm zombie (Lair:3)
  5 blink frog zombies
  3 rime drake zombies
  3 komodo dragon zombies
  4 water moccasin zombies (Lair:5)
  8 yak zombies
  3 wolf zombies
  A centaur zombie (D:9)
  3 bullfrog zombies (Lair:1)
  A black bear zombie (Lair:3)
  An orc wizard (D:8)
  3 killer bee zombies (D:6)
  An ogre zombie (D:7)
  A naga zombie (Lair:2)
  A hound zombie (D:6)
  A steam dragon zombie (Lair:5)
  3 iguana zombies (Lair:5)
  2 adder zombies
  A jelly zombie (Lair:5)
  3 ball python zombies (Sewer)
  2 gnoll zombies
  2 kobold zombies
  12 orc zombies
  4 rat zombies
  A river rat zombie (Sewer)
86 creatures vanquished.

Grand Total: 637 creatures vanquished

Notes
Turn   | Place    | Note
-------+----------+-------------------------------------------
     0 | D:1      | Maratek the Demonspawn Fighter began the quest for the Orb.
     0 | D:1      | Reached XP level 1. HP: 18/18 MP: 1/1
   132 | D:1      | Gained mutation: You regenerate a little health from kills.
                  | [demonic ancestry]
   132 | D:1      | Reached XP level 2. HP: 24/24 MP: 2/2
   449 | D:1      | Reached skill level 2 in Long Blades
   811 | D:2      | Gained mutation: Your touch may inflict minor irresistible
                  | damage on your foes. [demonic ancestry]
   811 | D:2      | Reached XP level 3. HP: 29/29 MP: 3/3
  1865 | D:3      | Found a basalt altar of Yredelemnul.
  1865 | D:3      | Found an ancient bone altar of Kikubaaqudgha.
  1873 | D:3      | Gained mutation: You regenerate health from kills. [demonic
                  | ancestry]
  1873 | D:3      | Reached XP level 4. HP: 37/37 MP: 4/4
  1876 | D:3      | Became a worshipper of Yredelemnul the Dark
  1963 | D:3      | Reached skill level 3 in Long Blades
  2601 | D:4      | Reached skill level 4 in Long Blades
  2601 | D:4      | Reached XP level 5. HP: 23/42 MP: 5/5
  2606 | D:4      | Found a glowing drain.
  2660 | Sewer    | Entered a sewer
  2693 | Sewer    | Reached * piety under Yredelemnul
  2771 | Sewer    | Reached ** piety under Yredelemnul
  2773 | Sewer    | Gained mutation: A weak demonic guardian rushes to your
                  | aid. [demonic ancestry]
  2773 | Sewer    | Reached XP level 6. HP: 48/48 MP: 6/6
  2837 | Sewer    | Reached *** piety under Yredelemnul
  2884 | Sewer    | Reached skill level 5 in Long Blades
  2885 | Sewer    | Reached **** piety under Yredelemnul
  3345 | D:4      | Reached skill level 1 in Stealth
  3669 | D:5      | Entered Level 5 of the Dungeon
  3727 | D:5      | Gained mutation: You regenerate a lot of health from kills.
                  | [demonic ancestry]
  3727 | D:5      | Reached XP level 7. HP: 55/55 MP: 7/7
  3974 | D:5      | Found a staircase to the Ecumenical Temple.
  4179 | D:5      | Found a runed translucent door.
  4182 | D:5      | Noticed Xavier147's ghost (novice OgEE)
  4226 | D:5      | Reached skill level 6 in Long Blades
  4339 | D:5      | You fall into a shaft and drop 2 floors!
  4515 | D:6      | Noticed Sigmund
  4539 | D:6      | Killed Sigmund
  4540 | D:6      | Reached XP level 8. HP: 58/61 MP: 8/8
  4550 | D:6      | Found a runed translucent door.
  4551 | D:6      | Noticed Crazy Yiuf
  4772 | D:5      | Reached skill level 5 in Armour
  4809 | D:5      | Reached skill level 5 in Fighting
  4995 | D:6      | Reached skill level 7 in Long Blades
  5991 | D:6      | Killed Crazy Yiuf
  6095 | D:7      | Reached XP level 9. HP: 65/68 MP: 9/9
  6145 | D:7      | Reached skill level 8 in Long Blades
  6608 | D:8      | Reached skill level 9 in Long Blades
  6834 | D:8      | Found Xohonaor's Distillery.
  7324 | D:9      | Reached XP level 10. HP: 73/77 MP: 10/10
  7327 | D:9      | Noticed a two-headed ogre
  7334 | D:9      | Killed a two-headed ogre
  7512 | D:9      | Reached skill level 10 in Long Blades
  7680 | D:9      | Found a staircase to the Orcish Mines.
  8160 | D:10     | Entered Level 10 of the Dungeon
  8468 | D:10     | Reached skill level 11 in Long Blades
  8526 | D:10     | Reached ***** piety under Yredelemnul
  8965 | D:11     | Noticed a gargoyle
  8973 | D:11     | Killed a gargoyle
  8974 | D:11     | Gained mutation: A demonic guardian rushes to your aid.
                  | [demonic ancestry]
  8974 | D:11     | Reached XP level 11. HP: 55/84 MP: 11/11
  8982 | D:11     | Reached skill level 1 in Dodging
  8997 | D:11     | Noticed a green ugly thing
  9032 | D:11     | Killed a green ugly thing
  9072 | D:11     | Noticed a boulder beetle
  9092 | D:11     | Killed a boulder beetle
  9212 | D:11     | Noticed a two-headed ogre
  9227 | D:11     | Killed a two-headed ogre
  9228 | D:11     | Reached skill level 12 in Long Blades
  9357 | D:11     | Reached ****** piety under Yredelemnul
  9512 | D:11     | Found a staircase to the Lair.
  9741 | D:12     | Noticed a purple ugly thing
  9749 | D:12     | Killed a purple ugly thing
  9839 | D:12     | Noticed a purple ugly thing
  9846 | D:12     | Killed a purple ugly thing
  9933 | D:12     | Noticed a brown ugly thing
  9941 | D:12     | Killed a brown ugly thing
 10315 | D:12     | Noticed a two-headed ogre
 10324 | D:12     | Killed a two-headed ogre
 10325 | D:12     | Reached skill level 5 in Shields
 10522 | D:12     | Noticed a white ugly thing
 10533 | D:12     | Killed a white ugly thing
 10865 | D:13     | Gained mutation: You have a somewhat thin skeletal
                  | structure. (Dex +2, Stealth+) [demonic ancestry]
 10865 | D:13     | Reached XP level 12. HP: 92/96 MP: 12/12
 10911 | D:13     | Noticed a vault guard
 10911 | D:13     | Noticed a vault guard
 10911 | D:13     | Noticed a vault guard
 10911 | D:13     | Noticed a vault guard
 10980 | D:12     | Killed a vault guard
 11370 | D:12     | Killed a vault guard
 11565 | D:12     | Killed a vault guard
 11576 | D:13     | Noticed a vault guard
 11586 | D:13     | Killed a vault guard
 11587 | D:13     | Reached skill level 13 in Long Blades
 11640 | D:13     | Killed a vault guard
 11671 | D:13     | Found a gate to the Vaults.
 11700 | D:13     | Noticed a vault guard
 11705 | D:13     | Noticed a vault guard
 12054 | Lair:1   | Entered Level 1 of the Lair of Beasts
 12155 | Lair:1   | Reached skill level 10 in Fighting
 12171 | Lair:1   | Upgraded the game from 0.31-a0-845-g9abc20d24f to
                  | 0.31-a0-846-gb3bcc0d938
 12295 | Lair:1   | Identified the +2 cloak "Anovurai" {*Corrode rPois Regen+}
 12347 | Lair:1   | Reached skill level 10 in Armour
 12460 | Lair:1   | You fall into a shaft and drop 1 floor!
 13124 | Lair:2   | Found a staircase to the Swamp.
 13200 | Lair:2   | Gained mutation: Your touch may inflict irresistible damage
                  | on your foes. [demonic ancestry]
 13200 | Lair:2   | Reached XP level 13. HP: 58/104 MP: 13/13
 13336 | Lair:2   | Found a staircase to the Snake Pit.
 13390 | Lair:2   | Reached skill level 1 in Invocations
 14143 | Lair:3   | Found a gate leading to a gauntlet.
 14190 | Gauntlet | Entered a Gauntlet
 14190 | Gauntlet | Found a transporter.
 14190 | Gauntlet | Found a runed translucent door.
 14190 | Gauntlet | Found a transporter.
 14190 | Gauntlet | Found a runed translucent door.
 14190 | Gauntlet | Found a transporter.
 14200 | Gauntlet | Found a transporter.
 14203 | Gauntlet | Found a transporter.
 14214 | Gauntlet | Found a transporter.
 14214 | Gauntlet | Found a transporter.
 14220 | Gauntlet | Found a runed translucent gate.
 14220 | Gauntlet | Found a runed translucent gate.
 14220 | Gauntlet | Found a runed translucent gate.
 14222 | Gauntlet | Found a transporter.
 14239 | Gauntlet | Found the macabre finger necklace {Finger+ rN+}
 14240 | Gauntlet | Found a transporter.
 14257 | Gauntlet | Found a transporter.
 14260 | Gauntlet | Found a transporter.
 14262 | Gauntlet | Found a runed translucent gate.
 14262 | Gauntlet | Found a runed translucent gate.
 14262 | Gauntlet | Found a runed translucent gate.
 14263 | Gauntlet | Found a large runed translucent door.
 14263 | Gauntlet | Found a large runed translucent door.
 14264 | Gauntlet | Found a large runed translucent door.
 14265 | Gauntlet | Found a large runed translucent door.
 14266 | Gauntlet | Found a large runed translucent door.
 14266 | Gauntlet | Found a large runed translucent door.
 14266 | Gauntlet | Found a runed translucent door.
 14266 | Gauntlet | Found a runed translucent door.
 14267 | Gauntlet | Found a large runed translucent door.
 14268 | Gauntlet | Found a large runed translucent door.
 14270 | Gauntlet | Found a transporter.
 14308 | Gauntlet | Found a large runed translucent door.
 14309 | Gauntlet | Found a large runed translucent door.
 14310 | Gauntlet | Found a large runed translucent door.
 14310 | Gauntlet | Found a large runed translucent door.
 14311 | Gauntlet | Found a large runed translucent door.
 14312 | Gauntlet | Found a large runed translucent door.
 14313 | Gauntlet | Found a large runed translucent door.
 14313 | Gauntlet | Found a large runed translucent door.
 14370 | Gauntlet | Identified the +0 pair of gloves of Shrieking Music {rPois
                  | MP+9}
 14557 | Gauntlet | Noticed a minotaur
 14566 | Gauntlet | Killed a minotaur
 14593 | Gauntlet | Identified the +4 war axe "Beast's Doom" {flame, *Slow rN+
                  | Str+4}
 14594 | Gauntlet | Got a curious book
 14744 | Lair:3   | Reached skill level 14 in Long Blades
 15488 | Lair:3   | Noticed Urug
 15497 | Lair:3   | Killed Urug
 15605 | Lair:3   | Reached XP level 14. HP: 82/113 MP: 14/14
 15638 | Lair:3   | Your ally Urug died
 16052 | Lair:3   | Identified the +12 trident of Defiance {flame, rPois rC-
                  | Str+4}
 17022 | Lair:5   | Entered Level 5 of the Lair of Beasts
 17107 | Lair:5   | Reached skill level 5 in Stealth
 17416 | Lair:5   | Found a staircase to the Slime Pits.
 17969 | Lair:5   | Reached skill level 15 in Long Blades
 18387 | Lair:5   | Killed from afar by a fire dragon

Illustrated notes

Levels and vault maps discovered:
D:1:      lightli_molten_gateway, layout_basic
D:2:      layout_loops_corners, skrybe_limestone_x, hangedman_decor_peaks_small
D:3:      layout_basic, chequers_temple_overflow_statue_of_worship,
          columned_hall_lemuel, grunt_ministairs_5,
          chequers_serial_rivers_marsh, corexii_hall_statues_l,
          minmay_fractal_squares_diagonal_5
D:4:      layout_basic, cheibrodos_sewer_entry_sluice, minmay_misc_feat_ornament
D:5:      layout_loops_corners, minmay_temple_entry_gardened_gates,
          ebering_ghost_reflecting_pool, saegor_snake_ambush
D:6:      layout_basic, uniq_crazy_yiuf_cottage, uniq_sigmund
D:7:      layout_rooms
D:8:      layout_loops_ring, serial_shops, shop
D:9:      layout_stronghold, david_orc_2
D:10:     layout_irregular_city
D:11:     layout_loops_ring, grunt_lair_entry_orc_guard_hut
D:12:     layout_roguey
D:13:     layout_basic, erik_vaults_2
Lair:1:   layout_small_grid, minmay_holes, infiniplex_staircase_pool_2
Lair:2:   layout_small_grid, swamp_mist, alex1729_snake_entry_snake,
          cheibrodos_lair_caveside_slide
Lair:3:   nzn_winding_woodlands_stair_cross [nzn_winding_woodlands_5x15_zeroes,
          nzn_winding_woodlands_center_pierced_h,
          nzn_winding_woodlands_5x15_split_checker,
          nzn_winding_woodlands_5x5_closed_star,
          nzn_winding_woodlands_5x5_default,
          nzn_winding_woodlands_5x15_river_crossing,
          nzn_winding_woodlands_center_diamonds,
          nzn_winding_woodlands_5x15_sidewinder], layout_gridlike,
          gauntlet_entry_generic, chequers_serial_rivers_micro_e, uniq_urug
Lair:4:   layout_misc_corridors, nicolae_quartered_pool_little,
          grunt_forest_large_clearings
Lair:5:   guppyfry_lair_end_dragon, layout_long_grid,
          nicolae_slime_entry_field_trip, nicolae_volcano_entry_vermiform

Skill      XL: |  1  2  3  4  5  6  7  8  9 10 11 12 13 14 |
---------------+-------------------------------------------+-----
Long Blades    | 2 4 5 6 7 9 11 12 13 14 15 | 15.0
Armour         | 3 4 6 7 8 9 10 12 13 | 13.4
Fighting       | 4 5 6 8 9 10 11 12 | 12.9
Stealth        | 1 2 3 4 5 |  5.4
Shields        | 3 4 5 6 7 8 |  8.0
Dodging        | 1 2 |  2.5
Invocations    | 1 2 |  2.2
Evocations     | |  0.6

Action                     |  1- 3 |  4- 6 |  7- 9 | 10-12 | 13-15 || total
---------------------------+-------+-------+-------+-------+-------++-------
  Melee: Long sword        |   141 |   146 |   212 |       |       ||   499
         Touch             |     4 |    21 |    56 |    97 |   148 ||   326
         Punch             |       |       |     3 |     7 |     7 ||    17
         Scimitar          |       |       |   106 |   554 |   662 ||  1322
 Invoke: Dark Bargain      |       |       |       |     2 |     1 ||     3
         Bind Soul         |       |       |       |       |     1 ||     1
  Evoke: Wand              |       |       |       |       |     3 ||     3
    Use: Scroll            |     7 |     6 |    11 |     3 |    13 ||    40
         Potion            |       |       |     6 |     4 |     7 ||    17
   Stab: Distracted        |       |     1 |       |     7 |    13 ||    21
         Petrified         |       |       |       |       |     3 ||     3
 Armour: Scale mail        |   102 |     2 |       |       |       ||   104
         Plate armour      |       |   180 |   345 |   706 |   824 ||  2055
  Dodge: Dodged            |    77 |    85 |   120 |   187 |   234 ||   703
  Block: Buckler           |    32 |       |       |       |       ||    32
         Other             |       |       |    38 |   148 |   142 ||   328
         Reflection        |       |       |     3 |     2 |     3 ||     8

Table legend: (Time is in decaauts)
 A = Elapsed time spent in this place.
 B = Non-inter-level travel time spent in this place.
 C = Inter-level travel time spent in this place.
 D = Time resting spent in this place.
 E = Time spent auto-exploring this place.
 F = Levels seen in this place.
 G = Mean time per level.
                   A        B        C        D        E       F      G
               +--------+--------+--------+--------+--------+-----+--------+
         Total |  18262 |  17521 |    741 |   1675 |  12038 |  20 |  913.1 |
       Dungeon |  11845 |  11268 |    577 |   1319 |   7902 |  13 |  911.2 |
          Lair |   5602 |   5438 |    164 |    341 |   3713 |   5 | 1120.4 |
         Sewer |    295 |    295 |      0 |      0 |    138 |   1 |  295.0 |
      Gauntlet |    518 |    518 |      0 |     15 |    285 |   1 |  518.0 |
               +--------+--------+--------+--------+--------+-----+--------+

Top non-repeatable levels by time:
    D:12: 1944 daAuts
  Lair:2: 1547 daAuts
     D:6: 1326 daAuts
  Lair:5: 1279 daAuts
  Lair:3: 1123 daAuts
     D:5: 1073 daAuts
     D:4: 959 daAuts
     D:9: 932 daAuts
  Lair:1: 930 daAuts
     D:2: 871 daAuts
     D:3: 868 daAuts
    D:11: 854 daAuts
     D:1: 792 daAuts
    D:10: 744 daAuts
     D:8: 737 daAuts
